 Seeded DCSS version 0.30.2 (webtiles) character file.

Game seed: 8368338996079929136 (custom seed)

76 porpoise the Shooter (level 4, 38/38 HPs)
             Began as a Minotaur Hunter on Feb 29, 2024.
             Quit the game on level 3 of the Dungeon.
             The game lasted 00:03:53 (1547 turns).

porpoise the Shooter (Minotaur Hunter)              Turns: 1547, Time: 00:03:54

Health: 38/38      AC:  6    Str: 15    XL:     4   Next: 12%
Magic:  3/3        EV: 11    Int:  6    God:
Gold:   79         SH:  0    Dex: 16    Spells: 3/3 levels left

rFire   . . .        a - +0 shortbow
rCold   . . .        (shield currently unavailable)
rNeg    . . .        d - +0 ring mail
rPois   +            (helmet restricted)
rElec   .            (no cloak)
rCorr   .            (no gloves)
SInv    .            e - +0 pair of boots
Will    .....        (no amulet)
Stlth   +            i - ring of poison resistance
HPRegen 0.26/turn    (no ring)
MPRegen 0.08/turn

%: no passive effects
@: no status effects
A: horns 2, retaliatory headbutt
a: no special abilities


You were on level 3 of the Dungeon.
You visited 1 branch of the dungeon, and saw 3 of its levels.

You collected 79 gold pieces.

Inventory:

Hand Weapons
 a - a +0 shortbow (weapon)
Missiles
 l - 3 javelins
Armour
 c - a +0 leather armour
 d - a +0 ring mail (worn)
 e - a +0 pair of boots (worn)
Jewellery
 i - a ring of poison resistance (left hand)
 o - an amulet of the acrobat
 p - an amulet of magic regeneration
Scrolls
 b - 2 scrolls of immolation
 g - a scroll of fog {unknown}
 h - a scroll of noise {unknown}
 m - a scroll of teleportation {unknown}
 q - a scroll of vulnerability {unknown}
Potions
 f - a potion of curing {unknown}
 j - a potion of cancellation {unknown}
 k - 2 potions of heal wounds {unknown}
 n - a potion of brilliance {unknown}
 r - a potion of might {unknown}


   Skills:
 + Level 3.3 Fighting
 + Level 5.0 Ranged Weapons
 + Level 3.0 Dodging
 + Level 1.8 Stealth


You had 3 spell levels left.
You didn't know any spells.
Your spell library contained the following spells:

 Spells                   Type           Power      Damage    Failure   Level
 Beastly Appendage        Tmut           0%         N/A       69%         1
 Wereblood                Tmut           0%         N/A       83%         2
 Frozen Ramparts          Ice            0%         1d1       96%         3
 Inner Flame              Hex/Fire       0%         N/A       96%         3
 Spider Form              Tmut/Pois      0%         N/A       96%         3
 Ice Form                 Ice/Tmut       0%         N/A       100%        4
 Summon Ice Beast         Ice/Summ       0%         N/A       100%        4
 Yara's Violent Unravell  Hex/Tmut       0%         3d3       100%        5
 Enfeeble                 Hex            0%         N/A       100%        7


Dungeon Overview and Level Annotations

Branches:
Dungeon (3/15)

Altars:

Shops:
D:2 (


Innate Abilities, Weirdness & Mutations

You have a pair of horns on your head.
You reflexively headbutt those who attack you in melee.


Message History

You shoot an arrow. The arrow hits the hobgoblin.
The hobgoblin shouts!
The hobgoblin is heavily wounded.
You shoot an arrow.
The arrow hits the hobgoblin but does no damage.
The hobgoblin is heavily wounded.
You shoot an arrow.
The arrow hits the hobgoblin but does no damage.
The hobgoblin is heavily wounded.
You shoot an arrow. The arrow barely misses the hobgoblin.
You shoot an arrow. The arrow hits the hobgoblin!
You kill the hobgoblin!
No target in view!
No target in view!
You see here a hobgoblin skeleton.
Items here: )) [[ ÷.
Done exploring.
Done exploring.
Search for what [Enter for "."]? .
(D) Dungeon
Where to? (Enter - D:2, ? - help)
There is an escape hatch in the floor here.
There is a stone staircase leading down here.
You climb downwards.
Found a stone staircase leading up.
There is a stone staircase leading up here.
A rat comes into view.
You shoot an arrow. The arrow hits the rat.
The rat is heavily wounded.
You shoot an arrow. The arrow hits the rat!
You kill the rat!
Your Ranged Weapons skill increases to level 5!
No target in view!
There is a stone staircase leading up here.
Found a stone staircase leading up.
You now have 70 gold pieces (gained 11).
You now have 79 gold pieces (gained 9).
You see here 3 stones.
You see here the +8 trident of the Octopus King {venom, rElec rPois}.
Are you sure you want to abandon this character and quit the game? (Confirm with "yes".)

## #.# #.#
##♣#♣#♣#♣## #.##
#.........####
##.###.♣#♣#♣#♣.....
##.............#####
#..@############
#.#### #


There were no monsters in sight!

Vanquished Creatures
  Robin (D:2)
  A gnoll (D:1)
  An adder (D:2)
  2 dart slugs (D:2)
  2 ball pythons
  3 bats
  2 endoplasms (D:1)
  13 goblins (D:2)
  5 hobgoblins
  2 quokkas
  3 kobolds
  3 rats
38 creatures vanquished.

Notes
Turn   | Place    | Note
-------+----------+-------------------------------------------
     0 | D:1      | porpoise the Minotaur Hunter began the quest for the Orb.
     0 | D:1      | Reached XP level 1. HP: 18/18 MP: 0/0
   181 | D:1      | Found a faded altar of an unknown god.
   200 | D:1      | Reached skill level 1 in Stealth
   496 | D:1      | Reached XP level 2. HP: 25/25 MP: 1/1
   990 | D:2      | Reached XP level 3. HP: 31/31 MP: 2/2
   991 | D:2      | Found Ojatwi's Antique Weapon Emporium.
  1060 | D:2      | Noticed Robin
  1208 | D:2      | Killed Robin
  1213 | D:2      | Reached XP level 4. HP: 37/38 MP: 3/3
  1481 | D:3      | Reached skill level 5 in Ranged Weapons
  1538 | D:3      | Found the +8 trident of the Octopus King {venom, rElec
                  | rPois}
  1547 | D:3      | Quit the game

Illustrated notes

Levels and vault maps discovered:
D:1:      tarquinn_simple_flora_water_b, layout_loops_ring,
          dreamdust_ecumenical_altar_grove
D:2:      layout_basic, serial_shops, nicolae_shop_back_alley_shop,
          minmay_fountain_box, uniq_robin
D:3:      layout_loops_ring, dk_yredelemnul_ordeal,
          mainiacjoe_overflow_six_doors_small, nicolae_overflow_squiral,
          gammafunk_temple_overflow_statue, serial_forest,
          infiniplex_forest_clump_tiny, infiniplex_forest_lined_1,
          infiniplex_forest_lined_corner, infiniplex_forest_straight_4,
          infiniplex_forest_lined_2

Skill      XL: |  1  2  3  4 |
---------------+-------------+-----
Stealth        | 1 |  1.8
Fighting       | 3 |  3.3
Dodging        | 3 |  3.0
Ranged Weapons | 5 |  5.0

Action                     |  1- 3 |  4- 6 || total
---------------------------+-------+-------++-------
   Fire: Shortbow          |    88 |    33 ||   121
 Armour: Ring mail         |     8 |     8 ||    16
  Dodge: Dodged            |    18 |     9 ||    27
